 Dungeon Crawl Stone Soup version 0.30-a0-782-ge64f9170bb (webtiles) character file.

Game seed: 14507649554693358570

98 hikkokomori the Digger (level 4, -2/27 HPs)
             Began as a Gargoyle Earth Elementalist on Feb 18, 2023.
             Slain by an orc
             ... wielding a +0 hand axe
              (5 damage)
             ... on level 2 of the Dungeon.
             The game lasted 00:01:52 (2215 turns).

hikkokomori the Digger (GrEE)                       Turns: 2215, Time: 00:01:53

Health: -2/27      AC:  5    Str: 11    XL:     4   Next: 71%
Magic:  6/7        EV: 11    Int: 18    God:
Gold:   91         SH:  0    Dex: 10    Spells: 6/7 levels left

rFire   . . .      SeeInvis .    c - +0 short sword
rCold   . . .      Faith    .    (no shield)
rNeg    + . .      Spirit   .    a - +0 robe
rPois   ∞          Reflect  .    (no helmet)
rElec   +          Harm     .    (no cloak)
rCorr   .          Rampage  .    (no gloves)
Will    .....                    (no boots)
Stlth   ++                       (no amulet)
HPRegen 0.24/turn                (no ring)
MPRegen 0.10/turn                (no ring)

@: no status effects
A: sickness immunity, AC +3, negative energy resistance 1, electricity
resistance, torment resistance 1, petrification resistance
a: no special abilities


You were on level 2 of the Dungeon.
You visited 1 branch of the dungeon, and saw 3 of its levels.

You collected 91 gold pieces.

Inventory:

Hand Weapons
 c - a +0 short sword (weapon)
Armour
 a - a +0 robe (worn)
Scrolls
 e - 2 scrolls of enchant weapon {unknown}
 g - 4 scrolls of teleportation {unknown}
 i - 2 scrolls of amnesia {unknown}
 l - a scroll of identify {unknown}
 m - a scroll of fear {unknown}
 o - a scroll of fog {unknown}
Potions
 b - a potion of magic
 d - a potion of haste {unknown}
 f - 2 potions of heal wounds {unknown}
 h - a potion of degeneration {unknown}
 j - a potion of curing {unknown}
 k - 2 potions of might {unknown}
 n - a potion of lignification {unknown}


   Skills:
 + Level 2.3 Fighting
 - Level 1.5 Dodging
 + Level 3.7 Stealth
 - Level 2.0 Spellcasting
 - Level 0.7 Transmutations
 + Level 4.7 Earth Magic


You had 6 spell levels left.
You knew the following spells:

 Your Spells              Type           Power      Damage    Failure   Level
a - Sandblast             Erth           36%        2d10      2%          1

Your spell library contained the following spells:

 Spells                   Type           Power      Damage    Failure   Level
 Passwall                 Tmut/Erth      9%         N/A       9%          2
 Stone Arrow              Conj/Erth      20%        3d8       21%         3
 Petrify                  Tmut/Erth      11%        N/A       52%         4


Dungeon Overview and Level Annotations

Branches:
Dungeon (3/15)

Altars:

Shops:
D:1 *


Innate Abilities, Weirdness & Mutations

You are immune to sickness and miasma.
Your stone body is resilient. (AC +3)
You are immune to poison.
You resist negative energy. (rN+)
You are resistant to electric shocks. (rElec)
You are resistant to unholy torment.
You are immune to petrification.


Message History

The orc shouts! x3
There is a stone staircase leading up here.
Okay, then.
The orc wizard shouts!
Casting: Sandblast (safe; 2% risk of failure)
Confirm with . or Enter, or press ? or * to list all spells.
Aiming: Sandblast (safe; 2% risk of failure)
Press: ? - help, Shift-Dir - straight line, f - orc
Aim: an orc, wielding a +0 whip and wearing a +0 leather armour of poison resistance (82% to hit)
The blast of sand hits the orc.
The orc is moderately wounded.
The orc hits you with a +0 whip.
Casting: Sandblast (safe; 2% risk of failure)
Confirm with . or Enter, or press ? or * to list all spells.
Aiming: Sandblast (safe; 2% risk of failure)
Press: ? - help, Shift-Dir - straight line, f/p - orc
Aim: an orc, wielding a +0 whip and wearing a +0 leather armour of poison resistance (moderately wounded, 82% to hit)
The blast of sand hits the orc!
You kill the orc!
The orc closely misses you. x2; The orc hits you with a +0 hand axe.
You hit the orc but do no damage. The orc hits you with a +0 hand axe.
The orc hits you with a +0 war axe. The orc hits you with a +0 dagger.
The orc barely misses you.
Things that are here:
a +0 whip; a +0 leather armour of poison resistance; an orc corpse The orc closely misses you.
The orc hits you but does no damage.
There is a stone staircase leading up here.
The orc hits you with a +0 war axe.
* * * LOW HITPOINT WARNING * * *
The orc hits you with a +0 dagger.
* * * LOW HITPOINT WARNING * * *
The orc barely misses you.
You climb upwards.
There is a stone staircase leading down here.
The orc hits you with a +0 hand axe.
* * * LOW HITPOINT WARNING * * *
The orc closely misses you. The orc attacks as you move away!
The orc hits you but does no damage. The orc attacks as you move away!
The orc hits you with a +0 hand axe.
You die...

##...###
##.......######.##### ##.##
##.....###.........# #.#
##...## #.###.###.# #.#
##'## #.# #.# #.# #.# #.#
#.# #.###.# #.# #.#
#.###..##.# ####.##### ##.##
#.........# #........##
##...## ######.####
#.##.###..###.@o..# #.#
#.##.###...###oo.## #.#
#.##.##....>###.##########<#
#.##.......................#
#.#####.....###.############
#.######...## #.#
#.........## #.# ###########
#.# #.#


You could see 3 orcs.

Vanquished Creatures
  4 adders (D:2)
  3 worms (D:2)
  2 dart slugs
  An orc (D:3)
  An endoplasm (D:1)
  2 giant cockroaches
  6 goblins
  2 hobgoblins
  4 quokkas
  7 ball pythons
  A bat (D:1)
  3 frilled lizards
  8 kobolds
  5 rats
49 creatures vanquished.

Notes
Turn   | Place    | Note
-------+----------+-------------------------------------------
     0 | D:1      | hikkokomori the Gargoyle Earth Elementalist began the quest
                  | for the Orb.
     0 | D:1      | Reached XP level 1. HP: 10/10 MP: 3/3
   121 | D:1      | Reached XP level 2. HP: 11/16 MP: 1/5
   195 | D:1      | Found Exzout's Assorted Antiques.
   273 | D:1      | Reached skill level 1 in Fighting
   275 | D:1      | Reached skill level 4 in Earth Magic
   924 | D:2      | Reached XP level 3. HP: 20/20 MP: 4/6
  1136 | D:2      | Reached XP level 4. HP: 26/26 MP: 4/7
  2215 | D:2      | Slain by an orc

Illustrated notes

Levels and vault maps discovered:
D:1:      nicolae_arrival_memento_mori, layout_loops_ring, serial_shops,
          nicolae_shop_statue_plus
D:2:      minmay_angry_zag, layout_loops_corners, minmay_circled_x
D:3:      layout_rooms, gup_sewer_entry_pipe, dk_noncrumbling_2, hex_tiny,
          minivault_5, moated_statue, minmay_misc_feat_diagonals

Skill      XL: |  1  2  3 |
---------------+----------+-----
Fighting       | 1 2 |  2.3
Earth Magic    | 4 |  4.7
Stealth        | 3 |  3.7
Dodging        | |  1.5
Spellcasting   | |  2.0
Transmutations | |  0.7

Action                     |  1- 3 |  4- 6 || total
---------------------------+-------+-------++-------
  Melee: Unarmed           |    15 |       ||    15
         Short sword       |    12 |     1 ||    13
   Cast: Sandblast         |    32 |    27 ||    59
 Armour: Robe              |     8 |     4 ||    12
  Dodge: Dodged            |    22 |    12 ||    34

Table legend: (Time is in decaauts)
 A = Elapsed time spent in this place.
 B = Non-inter-level travel time spent in this place.
 C = Inter-level travel time spent in this place.
 D = Time resting spent in this place.
 E = Time spent auto-exploring this place.
 F = Levels seen in this place.
 G = Mean time per level.
                   A        B        C        D        E       F      G
               +--------+--------+--------+--------+--------+-----+--------+
         Total |   2244 |   2165 |     79 |      0 |   1925 |   3 |  748.0 |
       Dungeon |   2244 |   2165 |     79 |      0 |   1925 |   3 |  748.0 |
               +--------+--------+--------+--------+--------+-----+--------+

Top non-repeatable levels by time:
     D:2: 1342 daAuts
     D:1: 891 daAuts
     D:3: 9 daAuts
